 Dungeon Sprint DCSS version 0.27.0-1-g7a089689b8 (webtiles) character file.

Game seed: 8618872711393879182

31 Conn the Firebug (level 3, -2/21 HPs)
             Began as an Octopode Fire Elementalist on Aug 14, 2021.
             Was a Priest of Sif Muna.
             Slain by a fire bat (7 damage)
             ... in the Dungeon (Sprint VII: "The Pits").
             The game lasted 00:02:29 (685 turns).

Conn the Firebug (Octopode Fire Elementalist)        Turns: 685, Time: 00:02:29

Health: -2/21      AC:  1    Str:  7    XL:     3   Next: 22%
Magic:  3/7        EV: 13    Int: 18    God:    Sif Muna [***...]
Gold:   0          SH:  0    Dex: 12    Spells: 1/8 levels left

rFire    . . .     SeeInvis .   k - +1 dagger (protect)
rCold    . . .     Faith    .   (no shield)
rNeg     . . .     Spirit   .   (helmet restricted)
rPois    .         Reflect  .   (no amulet)
rElec    .         Harm     .   (no ring)
rCorr    .         Rampage  .   (no ring)
Will     .....     NoTele   +   (no ring)
Stlth    +++.......             (no ring)
HPRegen  0.07/turn              (no ring)
MPRegen  0.10/turn              (no ring)
                                (no ring)
                                (no ring)

@: very slightly contaminated, invisible (expiring)
A: almost no armour, amphibious, 8 rings, camouflage 1, gelatinous body 1,
(nimble swimmer 1), tentacles
a: Renounce Religion, Channel Magic, Forget Spell


You were in the Dungeon.
You worshipped Sif Muna.
Sif Muna was most pleased with you.
You visited 1 branch

Inventory:

Hand Weapons
 g - a +2 spectral quarterstaff
 k - a +1 dagger of protection (weapon)
Scrolls
 i - 5 scrolls of amnesia
Potions
 a - 6 potions of curing
 b - 6 potions of heal wounds
 c - a potion of haste
 d - 4 potions of magic
 e - 3 potions of berserk rage
 h - a potion of invisibility


   Skills:
 + Level 0.1 Fighting
 + Level 0.3 Short Blades
 + Level 2.9 Dodging
 + Level 4.0 Stealth
 + Level 3.3 Spellcasting
 + Level 1.6 Conjurations
 + Level 4.8 Fire Magic
 * Level 0.6 Invocations


You had one spell level left.
You knew the following spells:

 Your Spells              Type           Power      Damage    Failure   Level
a - Foxfire               Conj/Fire      56%        2x1d6     4%          1
b - Conjure Flame         Conj/Fire      14%        6-21      12%         3
c - Inner Flame           Hex/Fire       11%        N/A       17%         3

Your spell library contained the following spells:

 Spells                   Type           Power      Damage    Failure   Level
 Sticky Flame             Conj/Fire      14%        2d4       38%         4
 Fireball                 Conj/Fire      7%         3d5       75%         5


Dungeon Overview and Level Annotations

Branches:
Dungeon (1/1)

Altars:
Ashenzari
Cheibriados
Dithmenos
Elyvilon
Fedhas
Gozag
Hepliaklqana
Kikubaaqudgha
Makhleb
Nemelex Xobeh
Okawaru
Qazlal
Ru
Sif Muna
Trog
Uskayaw
Vehumet
Wu Jian
Xom
Yredelemnul
Zin
The Shining One
Beogh
Jiyva
Lugonu


Innate Abilities, Weirdness & Mutations

You cannot wear most types of armour.
You are amphibious.
You can wear up to eight rings at the same time.
Your skin changes colour to match your surroundings (Stealth+).
Your rubbery body absorbs attacks. (AC +1, EV +1)
((You are camouflaged near water. (Stealth+)))
You have tentacles for arms and can constrict up to eight enemies at once.


Message History

Okay, then.
Unknown command.
Blink to where?
Press: ? - help, Dir - move target
As you read the scroll of blinking, it crumbles to dust.
As you read the scroll of summoning, it crumbles to dust.
Wisps of shadow whirl around you...
The fire bat barely misses your small abomination.
What are your orders? t - Shout!
Orders for allies: a - Attack new target. r - Retreat! s - Stop attacking. g - Guard the area. f - Follow me.
Anything else - Cancel.
Guard this area!
The fire bat barely misses your small abomination.
Your small abomination hits the fire bat!
The fire bat bites your small abomination but does no damage.
The fire bat bites your small abomination but does no damage.
The fire bat bites your small abomination.
Your small abomination is engulfed in flames!
Your small abomination barely misses the fire bat.
The fire bat closely misses your small abomination.
The fire bat closely misses your small abomination.
The fire bat bites your small abomination but does no damage.
Your small abomination closely misses the fire bat.
The fire bat bites your small abomination but does no damage.
The fire bat bites your small abomination.
Your small abomination is engulfed in flames.
Your small abomination closely misses the fire bat.
Your small abomination completely misses the fire bat.
You flicker for a moment.
The fire bat bites your small abomination.
Your small abomination is engulfed in flames!
Your small abomination is destroyed!
There is an open door here.
The fire bat bites you.
* * * LOW HITPOINT WARNING * * *
You are engulfed in flames!
You die...

############
#_________.#
#_________.#
#_______...########
##########'##......
#.?(.')))'.##......
##########.##......
#.@.........'......
#b#####'#####......
#.#..#..#..##......
#.#.)'..'..#####'##
#.##)####'###......
#h#........##......
#.#....†...##......
#.#####'#####...<..
#.#..[)))..##......


You could see a fire bat and a hound.

Vanquished Creatures
  A gnoll (D)
  An ufetubus (D)
  An adder skeleton (D)
  2 ball pythons (D)
  A giant cockroach (D)
  2 goblins (D)
  A hobgoblin (D)
  2 jackals (D)
  A quokka (D)
  A kobold (D)
13 creatures vanquished.

Vanquished Creatures (others)
  23 foxfires (D)
23 creatures vanquished.

Grand Total: 36 creatures vanquished

Notes
Turn   | Place    | Note
-------+----------+-------------------------------------------
     0 | D        | Conn the Octopode Fire Elementalist began the quest for the
                  | Orb.
     0 | D        | Reached XP level 1. HP: 11/11 MP: 3/3
    39 | D        | Found a glowing golden altar of the Shining One.
    39 | D        | Found a glowing silver altar of Zin.
    39 | D        | Found a basalt altar of Yredelemnul.
    39 | D        | Found a shimmering altar of Xom.
    39 | D        | Found an ornate altar of the Wu Jian Council.
    39 | D        | Found a bloodstained altar of Trog.
    39 | D        | Found a shimmering blue altar of Sif Muna.
    39 | D        | Found a sacrificial altar of Ru.
    39 | D        | Found a stormy altar of Qazlal.
    39 | D        | Found an iron altar of Okawaru.
    39 | D        | Found a sparkling altar of Nemelex Xobeh.
    39 | D        | Found a burning altar of Makhleb.
    39 | D        | Found a viscous altar of Jiyva.
    39 | D        | Found a hazy altar of Hepliaklqana.
    39 | D        | Found an opulent altar of Gozag.
    39 | D        | Found a blossoming altar of Fedhas.
    39 | D        | Found a white marble altar of Elyvilon.
    39 | D        | Found a shadowy altar of Dithmenos.
    39 | D        | Found a snail-covered altar of Cheibriados.
    40 | D        | Found a radiant altar of Vehumet.
    40 | D        | Found a corrupted altar of Lugonu.
    41 | D        | Found an ancient bone altar of Kikubaaqudgha.
    41 | D        | Found a hide-covered altar of Uskayaw.
    41 | D        | Found a broken altar of Ashenzari.
    42 | D        | Became a worshipper of Sif Muna the Loreminder
    59 | D        | Reached XP level 2. HP: 15/17 MP: 0/5
   119 | D        | Reached * piety under Sif Muna
   370 | D        | Reached ** piety under Sif Muna
   570 | D        | Reached XP level 3. HP: 15/21 MP: 1/7
   662 | D        | Learned a level 3 spell: Conjure Flame
   666 | D        | Learned a level 3 spell: Inner Flame
   671 | D        | Reached *** piety under Sif Muna
   673 | D        | Noticed a fire bat
   685 | D        | Slain by a fire bat

Illustrated notes

Levels and vault maps discovered:
D:        pitsprint [storerooms_1, entrance_room_1, metal_vault_5, armoury_3,
          mini_pit_1, grid_room_1, main_hall_1, silver_pit, the_coven_1,
          the_vestibule_1, steel_vault_4, golden_pit, hallway_of_sentries,
          crystal_vault_2, iron_vault_4, final_vault]

Skill      XL: |  1  2 |
---------------+-------+-----
Stealth        | 3 4 |  4.0
Fire Magic     | 4 |  4.8
Spellcasting   | 3 |  3.3
Fighting       | |  0.1
Short Blades   | |  0.3
Dodging        | |  2.9
Conjurations   | |  1.6
Invocations    | |  0.6

Action                   || total
-------------------------++-------
Melee: Quarterstaff      ||     3
       Dagger            ||    14
       Constrict         ||     3
       Tentacles         ||     3
 Cast: Foxfire           ||    17
  Use: Scroll            ||     2
       Potion            ||     1
 Stab: Sleeping          ||     2
Armor: Skin              ||     3
Dodge: Dodged            ||    12
